 Dungeon Crawl Stone Soup version 0.25-a0-184-gcd15a05269 (console) character file.

Game seed: 6390967573427367397, levelgen mode: deterministic

2776894 Kagalorn the Merry Centaur (level 27, 288/288 HPs)
             Began as a Centaur Hunter on Nov 26, 2019.
             Was the Champion of Okawaru.
             Escaped with the Orb
             ... and 5 runes on Nov 27, 2019!
             The game lasted 05:50:42 (91000 turns).

Kagalorn the Merry Centaur (Centaur Hunter)        Turns: 91000, Time: 05:50:42

Health: 288/288    AC: 47    Str: 34    XL:     27
Magic:  40/40      EV:  9    Int: 21    God:    Okawaru [******]
Gold:   6988       SH:  0    Dex: 14    Spells: 37/52 levels left

rFire    + + +     SeeInvis .   a - +5 longbow of Mourning {speed, Dex+4}
rCold    + + +     Gourm    .   (shield currently unavailable)
rNeg     . . .     Faith    .   K - +4 gold dragon scales
rPois    +         Spirit   .   D - +3 helmet "Gadghes" {rPois Str+4 Dex+2}
rElec    +         Reflect  .   A - +0 cloak of Responsibility {rElec Int+8 Dex-2}
rCorr    .         Harm     .   k - +2 pair of gloves {archery}
MR       +++++                  J - +4 centaur barding of Death's Door {+Blink rF++ rC+ Dex-2}
Stlth    ..........             Z - amulet of Vitality {Regen+ HP+15}
HPRegen  0.98/turn              u - ring "Moteki" {Ice *Slow MR+++ Str+7}
MPRegen  0.27/turn              G - ring of protection from fire

@: very quick
A: large, hooves 3, blurry vision 1, deformed body, speed 2, mutation resistance
1, tough skin 3
0: Orb of Zot
}: 5/15 runes: serpentine, barnacled, slimy, silver, abyssal
a: Heroism, Finesse, Renounce Religion, Evoke Blink


You escaped.
You worshipped Okawaru.
Okawaru was exalted by your worship.
You were not hungry.

You visited 12 branches of the dungeon, and saw 56 of its levels.
You visited the Abyss 1 time.
You visited 1 ziggurat, and saw 8 of its levels.
You also visited: Trove, Ossuary and Bailey.

You collected 9237 gold pieces.
You spent 2249 gold pieces at shops.

Inventory:

Hand Weapons
 a - the +5 longbow of Mourning (weapon) {speed, Dex+4}
   (You found it on level 5 of the Vaults)

   Attacks with this weapon are significantly faster.
   It affects your dexterity (+4).
 b - a +2 bardiche of freezing
 Y - a +9 longbow of freezing
Missiles
 d - 985 arrows (quivered)
 p - 60 silver javelins
 w - 5 throwing nets
Armour
 k - a +2 pair of gloves of archery (worn)
 o - the +1 centaur barding of Patterns {rPois Regen+ Str+10 Stlth-}
   (Okawaru gifted it to you on level 4 of the Shoals)

   It affects your strength (+10).
   It protects you from poison.
   It increases your rate of regeneration.
   It makes you less stealthy.
 A - the +0 cloak of Responsibility (worn) {rElec Int+8 Dex-2}
   (Okawaru gifted it to you on level 2 of the Vaults)

   It affects your intelligence (+8).
   It affects your dexterity (-2).
   It insulates you from electricity.
 D - the +3 helmet "Gadghes" (worn) {rPois Str+4 Dex+2}
   (You found it on level 2 of the Orcish Mines)

   It affects your strength (+4).
   It affects your dexterity (+2).
   It protects you from poison.
 J - the +4 centaur barding of Death's Door (worn) {+Blink rF++ rC+ Dex-2}
   (Okawaru gifted it to you on level 3 of the Shoals)

   It affects your dexterity (-2).
   It greatly protects you from fire.
   It protects you from cold.
   It lets you blink.
 K - +4 gold dragon scales (worn)
Jewellery
 n - a +4 ring of slaying
 t - the amulet of the Four Winds {rN+ MR+++ Clar}
   (You bought it in a shop on level 2 of the Orcish Mines)

   [amulet of nothing]

   It protects you from negative energy.
   It affects your resistance to hostile enchantments.
   It protects you against confusion.
 u - the ring "Moteki" (left hand) {Ice *Slow MR+++ Str+7}
   (You took it off a yellow draconian on level 4 of the Realm of Zot)

   [ring of ice]

   It enhances your ice magic.
   It affects your strength (+7).
   It makes you vulnerable to fire.
   It protects you from cold.
   It affects your resistance to hostile enchantments.
   It may slow you when you take damage.
 x - an uncursed ring of resist corrosion
 G - a ring of protection from fire (right hand)
 H - an uncursed ring of protection from cold
 L - an uncursed ring of see invisible
 R - a +5 ring of protection
 Z - the amulet of Vitality (around neck) {Regen+ HP+15}
   (You took it off a deep elf annihilator on level 3 of the Elven Halls)

   [amulet of regeneration]

   It affects your health (+15).
   It increases your rate of regeneration.
Wands
 B - a wand of iceblast (29)
 C - a wand of acid (40)
 I - a wand of scattershot (10)
 O - a wand of paralysis (10)
 U - a wand of digging (13)
Scrolls
 e - 2 scrolls of identify
 g - 14 scrolls of teleportation
 l - a scroll of blinking
 q - 7 scrolls of fear
 E - 6 scrolls of magic mapping
 F - 22 scrolls of remove curse
 N - 5 scrolls of summoning
 P - 4 scrolls of holy word
 V - 14 scrolls of fog
 X - 2 scrolls of silence
Potions
 c - 8 potions of berserk rage
 h - a potion of invisibility
 j - 13 potions of agility
 r - 26 potions of curing
 s - 3 potions of resistance
 y - 12 potions of lignification
 z - 3 potions of cancellation
 M - 10 potions of brilliance
 Q - 10 potions of haste
 S - 5 potions of might
 T - 9 potions of magic
Comestibles
 f - 73 rations


   Skills:
 O Level 27 Fighting
 - Level 14.0 Polearms
 O Level 27 Bows
 + Level 21.7 Armour
 - Level 10.0 Dodging
 - Level 1.0 Stealth
 - Level 13.0 Spellcasting
 - Level 10.0 Hexes
 - Level 8.0 Summonings
 - Level 8.0 Translocations
 - Level 18.0 Air Magic
 - Level 6.0 Invocations


You had 37 spell levels left.
You knew the following spells:

 Your Spells              Type           Power        Failure   Level  Hunger
a - Apportation           Tloc           #####.       1%          1    None
b - Summon Mana Viper     Hex/Summ       ######..     22%         5    ####...
f - Summon Lightning Spi  Summ/Air       ######..     1%          4    None
g - Silence               Hex/Air        ######....   2%          5    ####...

Your spell library contained the following spells:

 Spells                   Type           Power        Failure   Level  Hunger
 Confusing Touch          Hex            ######       1%          1    None
 Corona                   Hex            ######.      1%          1    None
 Shock                    Conj/Air       ####         1%          1    None
 Summon Butterflies       Summ           #####...     1%          1    None
 Summon Small Mammal      Summ           ####         1%          1    None
 Blink                    Tloc           N/A          1%          2    None
 Call Imp                 Summ           #####...     1%          2    None
 Poisonous Vapours        Pois/Air       ######       1%          2    None
 Slow                     Hex            ######..     1%          2    None
 Swiftness                Chrm/Air       ######..     1%          2    None
 Confuse                  Hex            ######..     1%          3    None
 Tukima's Dance           Hex            ######..     1%          3    None
 Airstrike                Air            ######....   1%          4    None
 Portal Projectile        Hex/Tloc       ######       2%          3    None
 Static Discharge         Conj/Air       ######..     2%          3    None
 Summon Guardian Golem    Hex/Summ       ######..     2%          3    None
 Call Canine Familiar     Summ           #####...     3%          3    None
 Gell's Gravitas          Tloc           #####.....   3%          3    None
 Lesser Beckoning         Tloc           #####.....   3%          3    None
 Recall                   Summ/Tloc      N/A          3%          3    None
 Cause Fear               Hex            ######....   5%          4    None
 Ensorcelled Hibernation  Hex/Ice        ######       6%          2    None
 Mephitic Cloud           Conj/Pois/Air  #####...     9%          3    None
 Shroud of Golubria       Chrm/Tloc      ####..       10%         2    None
 Dazzling Spray           Conj/Hex       ####..       12%         3    None
 Inner Flame              Hex/Fire       ####....     12%         3    None
 Spectral Weapon          Hex/Chrm       ####....     12%         3    None
 Lightning Bolt           Conj/Air       ######....   22%         5    ####...
 Animate Skeleton         Necr           N/A          32%         1    None
 Beastly Appendage        Tmut           ##....       32%         1    None
 Flame Tongue             Conj/Fire      ##...        32%         1    None
 Freeze                   Ice            ###.         32%         1    None
 Infusion                 Chrm           ##..         32%         1    None
 Magic Dart               Conj           ##..         32%         1    None
 Sting                    Conj/Pois      ##..         32%         1    None
 Summon Forest            Summ/Tloc      #####.....   32%         5    ####...
 Leda's Liquefaction      Hex/Erth       ####......   38%         4    None
 Passwall                 Tmut/Erth      ##......     43%         2    None
 Song of Slaying          Chrm           ##......     43%         2    None
 Sticks to Snakes         Tmut           ##......     43%         2    None
 Sublimation of Blood     Necr           ##........   43%         2    None
 Throw Flame              Conj/Fire      ##....       43%         2    None
 Throw Frost              Conj/Ice       ###...       43%         2    None
 Force Lance              Conj/Tloc      ####....     52%         4    None
 Summon Ice Beast         Ice/Summ       #####...     52%         4    None
 Darkness                 Hex            ######....   63%         6    #####..
 Invisibility             Hex            ######..     63%         6    #####..
 Conjure Flame            Conj/Fire      ##......     67%         3    None
 Ignite Poison            Fire/Tmut/Pois ##......     67%         3    None
 Ozocubu's Armour         Chrm/Ice       ###.....     67%         3    None
 Regeneration             Chrm/Necr      ##........   67%         3    None
 Spider Form              Tmut/Pois      ##........   67%         3    None
 Yara's Violent Unravell  Hex/Tmut       ####......   75%         5    ####...
 Deflect Missiles         Chrm/Air       ######....   77%         6    #####..
 Dispersal                Tloc           #####.....   88%         6    #####..
 Shadow Creatures         Summ           N/A          88%         6    #####..
 Animate Dead             Necr           N/A          97%         4    None
 Olgreb's Toxic Radiance  Pois           ##......     97%         4    None
 Petrify                  Tmut/Erth      ##......     97%         4    None
 Sticky Flame             Conj/Fire      ##......     97%         4    None
 Throw Icicle             Conj/Ice       ###.....     97%         4    None
 Alistair's Intoxication  Tmut/Pois      ##......     100%        5    ####...
 Borgnjor's Vile Clutch   Necr/Erth      ##........   100%        5    ####...
 Fireball                 Conj/Fire      ##........   100%        5    ####...
 Irradiate                Conj/Tmut      ##........   100%        5    ####...
 Venom Bolt               Conj/Pois      ##........   100%        5    ####...
 Bolt of Fire             Conj/Fire      ##........   100%        6    #####..
 Death Channel            Necr           ##........   100%        6    #####..
 Poison Arrow             Conj/Pois      ##........   100%        6    #####..
 Simulacrum               Ice/Necr       ###.......   100%        6    #####..
 Statue Form              Tmut/Erth      ##.......    100%        6    #####..
 Haunt                    Necr/Summ      ####......   100%        7    #######
 Malign Gateway           Summ/Tloc      #####.....   100%        7    #######
 Monstrous Menagerie      Summ           #####.....   100%        7    #######
 Ring of Flames           Chrm/Fire      ##........   100%        7    #######
 Spellforged Servitor     Conj/Summ      ####......   100%        7    #######
 Summon Greater Demon     Summ           #####.....   100%        7    #######
 Summon Hydra             Summ           #####.....   100%        7    #######
 Borgnjor's Revivificati  Necr           ##........   100%        8    #######
 Chain Lightning          Conj/Air       ######....   100%        8    #######
 Controlled Blink         Tloc           N/A          100%        8    #######
 Death's Door             Chrm/Necr      ##........   100%        8    #######
 Discord                  Hex            ######....   100%        8    #######
 Disjunction              Tloc           #####.....   100%        8    #######
 Ignition                 Fire           ##........   100%        8    #######
 Infestation              Necr           ##........   100%        8    #######
 Lehudib's Crystal Spear  Conj/Erth      ##........   100%        8    #######
 Necromutation            Tmut/Necr      ##........   100%        8    #######
 Summon Horrible Things   Summ           #####.....   100%        8    #######
 Fire Storm               Conj/Fire      ##........   100%        9    #######
 Glaciate                 Conj/Ice       ###.......   100%        9    #######
 Shatter                  Erth           ##........   100%        9    #######
 Tornado                  Air            ######....   100%        9    #######
 Passage of Golubria      Tloc           Unusable     N/A         4    N/A

Dungeon Overview and Level Annotations

Branches:
Dungeon (15/15)            Temple (1/1) D:4            Lair (6/6) D:8
 Shoals (4/4) Lair:2        Snake (4/4) Lair:3        Slime (5/5) Lair:6
    Orc (2/2) D:9             Elf (3/3) Orc:2        Vaults (5/5) D:14
  Crypt (0/3) Vaults:2     Depths (5/5) D:15           Hell (visited)
    Dis (0/7) Hell            Geh (0/7) Hell            Coc (0/7) Hell
    Tar (0/7) Hell            Zot (5/5) Depths:5    Ossuary (visited)
 Bailey (visited)

Altars:
Ashenzari
Cheibriados
Dithmenos
Elyvilon
Fedhas
Gozag
Hepliaklqana
Kikubaaqudgha
Nemelex Xobeh
Okawaru
Qazlal
Ru
Trog
Uskayaw
Vehumet
Wu Jian
Xom
Yredelemnul
Zin
The Shining One
Beogh
Jiyva

Shops:
D:4 %   D:10 !   D:13 *   D:14 =   D:15 }   Orc:2 =*!?}   Elf:1 *   Elf:3 }
Vaults:1 %   Vaults:5 (:   Depths:1 !!

Portals:
Hell: Depths:1 Depths:2 Depths:3 Depths:4 Depths:5
Abyss: Depths:2 Depths:4
Pandemonium: Depths:3 Depths:4


Innate Abilities, Weirdness & Mutations

You have hooves in place of feet.
Armour fits poorly on your strangely shaped body.
You cover ground very quickly.
You have extremely tough skin. (AC +3)
Scrolls take you a little longer to read.
You are somewhat resistant to further mutation.


Message History

There is a stone staircase leading up here.
You climb upwards.
There is a stone staircase leading down here.
No target in view!
HP restored.
There is an open door here.
There is an open door here.
There is a staircase leading out of the dungeon here.
You feel better.
You start putting on your armour.
You continue putting on the +3 helmet "Gadghes" {rPois Str+4 Dex+2}. x4
You finish putting on the +3 helmet "Gadghes" {rPois Str+4 Dex+2}.
You feel stronger.
You feel agile.
You begin reading the scroll.
You continue reading the scroll.
As you read the scroll of identify, it crumbles to dust.
i - an uncursed amulet of harm You drop an uncursed amulet of harm.
There is a staircase leading out of the dungeon here.
Unknown command.
You have escaped!

...).#####.####.#####.##.###..##.
....>......................#..#..
..†).....#.##########.##..##..##.
...#.###.#............###.###..##
...#.#...#.########..## #..###...
...#....######.......# ##.# #.##
...#.........##§≈≈#'.# #.###..÷
...#.##).....#....§#.#####..###.#
...#.##......§..@".≈.#......###'#
#.##.##...(..≈..⌠.§≈§#.......#...
.....##......#.....#.#.......#...
.....####≈≈≈###≈≈≈####...........
.....#.#.....#.....)##......#....
...)##.≈..⌠..≈......##......#.#'#
....##.≈.....≈......#########...#
.......#.....#......### ##..#
....#..'#≈≈≈##........# #..#


There were no monsters in sight!

Vanquished Creatures
  the Royal Jelly (Slime:5)
  3 orbs of fire
  3 juggernauts
  10 ancient liches
  The ghost of jytt13 the Conqueror, a veteran MiBe of Trog (Zot:1)
  A greater mummy (Zig:8)
  Sojobo (Depths:3)
  A shard shrike (Zig:5)
  6 curse toes
  11 Killer Klowns
  A caustic shrike (Depths:2)
  10 golden dragons
  Geryon (Hell)
  3 bone dragons
  Nikola (Snake:3)
  A profane servitor (Abyss:3)
  2 electric golems (Zot:5)
  Rupert (Lair:5)
  21 tentacled monstrosities
  27 Orb Guardians
  16 acid blobs
  6 liches
  2 deep elf blademasters
  12 quicksilver dragons
  5 titans (Vaults:5)
  2 deep elf master archers (Elf:3)
  9 death cobs
  5 sphinxes
  2 Executioners
  A thorn hunter (Abyss:3)
  Polyphemus (Shoals:4)
  A sphinx (shapeshifter) (Vaults:5)
  Kirke (Snake:3)
  6 tengu reavers
  10 tentacled starspawn
  11 storm dragons
  Roxanne (D:14)
  13 shadow dragons
  10 nagarajas
  9 draconian monks
  10 azure jellies
  A daeva (Abyss:2)
  Ilsuiw (Shoals:4)
  8 ghost moths
  7 iron dragons
  7 frost giants
  11 fire giants
  4 draconian knights
  2 emperor scorpions (Zig:7)
  A blood saint (Zot:5)
  Aizul (Lair:3)
  11 deep elf sorcerers
  7 draconian scorchers
  A balrug (Zot:5)
  13 vault wardens
  4 deep elf elementalists
  31 large abominations
  An angel (Depths:3)
  4 draconian shifters
  6 draconian stormcallers
  7 draconian annihilators
  2 spriggan defenders
  3 war gargoyles
  3 reapers
  20 ironheart preservers
  26 very ugly things
  25 stone giants
  3 entropy weavers
  6 vampire knights
  10 green draconians
  11 deep elf annihilators
  The ghost of Utis the Summoner, a journeyman TeSu (Orc:2)
  12 yellow draconians
  10 white draconians
  7 deep elf demonologists
  7 black draconians
  7 red draconians
  A lorocyproca (Depths:3)
  21 purple draconians
  2 spark wasps
  An eidolon (Abyss:3)
  The ghost of astraldaughter the Blocker, a journeyman TeAE of Kikubaaqudgha (Lair:6)
  9 merfolk javelineers
  Snorg (Lair:4)
  9 ettins
  14 deep elf death magi
  12 fire dragons
  4 blizzard demons
  A green death (Depths:5)
  2 death oozes (Slime:5)
  12 merfolk impalers
  6 deep elf high priests
  15 yaktaur captains
  10 ice dragons
  Fannar (Lair:1)
  Josephine (D:14)
  8 great orbs of eyes
  10 hydras
  A spectral tengu (Depths:2)
  31 vault guards
  9 rakshasas
  19 naga warriors
  Erica (Lair:1)
  A catoblepas (Shoals:4)
  14 centaur warriors
  4 merfolk aquamancers
  7 anacondas
  3 merfolk avatars
  A spriggan air mage (Depths:4)
  30 two-headed ogres
  An alligator snapping turtle (Shoals:3)
  8 deep troll shamans
  8 tengu warriors
  12 ogre magi
  29 dancing weapons
  3 death knights
  4 deep troll earth magi
  2 vampire magi
  The ghost of astraldaughter the Sage, a novice CeIE of Sif Muna (Lair:1)
  6 hell hogs
  16 naga sharpshooters
  A titan zombie (Zig:5)
  6 thrashing horrors
  5 spriggan berserkers
  6 orc high priests
  21 small abominations
  12 shock serpents
  7 death yaks
  Nergalle (D:8)
  33 deep elf knights
  A titan skeleton (Depths:2)
  7 soul eaters
  5 sun demons
  An iron golem (Hell)
  A fire crab (Lair:6)
  Sonja (Orc:1)
  Urug (D:13)
  20 hell knights
  9 wretched stars
  2 storm dragon zombies
  3 sixfirhies
  18 skeletal warriors
  A salamander mystic (Depths:5)
  5 unseen horrors
  7 naga ritualists
  6 shadow wraiths
  2 spatial maelstroms (Abyss:3)
  2 iron trolls (Depths:3)
  A swamp dragon (Abyss:3)
  2 storm dragon skeletons
  An unseen horror (shapeshifter) (Vaults:2)
  3 obsidian statues (Zig:3)
  6 glowing orange brains
  2 orange crystal statues
  19 sea snakes
  2 swamp dragons (shapeshifter)
  4 flayed ghosts
  34 deep trolls
  4 wizards
  An anaconda zombie (Hell)
  A torturous demonspawn (Depths:4)
  15 harpies
  23 ironbrand convokers
  19 deep elf archers
  A lindwurm (Zot:3)
  A harpy (shapeshifter) (D:15)
  A kraken simulacrum (Hell)
  A sphinx zombie (Vaults:4)
  2 golden dragon skeletons
  15 necromancers
  25 orc knights
  5 phantasmal warriors
  2 frost giant zombies
  8 mana vipers
  A wolf spider zombie (D:12)
  A fire giant zombie (Vaults:4)
  5 wolf spiders
  A manticore (shapeshifter) (Vaults:1)
  47 ugly things
  3 orb spiders (Zig:7)
  5 orc sorcerers
  An iron dragon zombie (Depths:1)
  2 stone giant zombies (Vaults:1)
  75 deep elf magi
  8 shining eyes
  18 cyclopes
  14 salamanders
  21 moths of wrath
  12 fauns
  5 worldbinders (Abyss:3)
  12 manticores
  2 fire giant skeletons (Hell)
  27 naga magi
  A guardian serpent (shapeshifter) (Abyss:2)
  33 black mambas
  A salamander (shapeshifter) (Depths:1)
  4 water nymphs
  8 merfolk sirens
  5 ice statues
  A black mamba (shapeshifter) (Vaults:1)
  5 guardian serpents
  Joseph (D:7)
  5 rust devils
  16 vault sentinels
  6 apocalypse crabs
  A dire elephant zombie (Hell)
  2 orange demons (Abyss:1)
  2 spiny frogs (shapeshifter)
  10 smoke demons
  A storm dragon simulacrum (Vaults:1)
  A gargoyle (D:15)
  A rime drake (shapeshifter) (D:13)
  24 spiny frogs
  An efreet (Abyss:3)
  3 komodo dragons
  A hellion (Hell)
  2 rime drakes
  4 tengu conjurers
  10 freezing wraiths
  A yaktaur (shapeshifter) (Vaults:3)
  A redback zombie (D:15)
  2 hellwings
  46 yaktaurs
  A guardian mummy (Zig:8)
  10 ancient zymes
  2 demonic crawlers
  3 ice devils
  29 merfolk
  4 jumping spiders
  A jumping spider (shapeshifter) (Vaults:5)
  A troll (shapeshifter) (Vaults:3)
  9 trolls
  A polar bear (shapeshifter) (Depths:1)
  3 red devils (Hell)
  2 polar bears
  4 hydra zombies (Hell)
  2 harpy zombies
  4 hornets
  A slime creature (shapeshifter) (Vaults:5)
  5 wind drakes
  A hydra skeleton (Hell)
  4 tyrant leeches (Lair:6)
  77 slime creatures
  13 snapping turtles
  2 blink frogs (shapeshifter)
  23 blink frogs
  An ice dragon zombie (Depths:1)
  A fire dragon zombie (Hell)
  21 raiju
  A harpy skeleton (Hell)
  4 ettin zombies (Hell)
  32 dream sheep
  2 hippogriffs (shapeshifter) (D:15)
  A spriggan (D:10)
  2 black mamba zombies
  An alligator skeleton (Hell)
  An alligator zombie (Hell)
  7 hippogriffs
  A spriggan skeleton (Depths:3)
  2 air elementals
  2 redbacks (Vaults:4)
  Sigmund (D:5)
  An ettin skeleton (Vaults:4)
  25 water elementals
  2 vampires
  19 starcursed masses
  9 wraiths
  2 tarantellas
  11 ynoxinuls
  3 hogs (Snake:3)
  19 yaks
  7 wyverns
  2 fire bats (Abyss:3)
  A shadow (D:15)
  6 humans (Zot:3)
  6 basilisks
  A hog (shapeshifter) (Elf:2)
  A human (shapeshifter) (Vaults:5)
  7 chaos spawn
  9 fire elementals
  A hungry ghost (D:10)
  8 golden eyes
  7 vampire mosquitoes
  10 neqoxecs
  Menkaure (D:7)
  A soldier ant (D:13)
  3 wargs
  52 nagas
  2 spatial vortices (Abyss:3)
  3 soldier ants (shapeshifter)
  A naga (shapeshifter) (Vaults:2)
  3 acid dragons
  An acid dragon (shapeshifter) (Abyss:3)
  A hydra simulacrum (Hell)
  10 water moccasins
  10 hell hounds
  An ogre skeleton (Vaults:1)
  8 porcupines
  A hornet zombie (D:9)
  2 human skeletons (Vaults:4)
  3 black bears
  4 ice beasts
  68 orc warriors
  A black bear (shapeshifter) (Depths:2)
  5 sky beasts
  An ettin simulacrum (Hell)
  A necrophage (D:10)
  44 ogres
  18 wolves
  5 eyes of draining
  A spriggan simulacrum (Depths:1)
  8 boggarts
  40 centaurs
  5 phantoms
  13 crocodiles
  A centaur (shapeshifter) (Vaults:5)
  An elf zombie (Ossuary)
  33 bullfrogs
  An ogre simulacrum (Vaults:1)
  A glowing shapeshifter simulacrum (Vaults:1)
  A spiny frog simulacrum (Hell)
  3 scorpions
  A wyvern skeleton (D:7)
  6 wights
  5 howler monkeys
  5 electric eels
  2 crimson imps
  2 bullfrog zombies
  6 centaur zombies
  6 quasits
  29 orc priests
  4 centaur skeletons
  8 hounds
  5 jellies
  32 orc wizards
  Crazy Yiuf (D:7)
  A human zombie (Ossuary)
  7 iron imps
  4 iguanas
  11 worker ants
  2 bullfrog skeletons (D:9)
  2 hell rats (Lair:1)
  A big kobold zombie (Ossuary)
  2 ogre zombies (Ossuary)
  7 mummies (Ossuary)
  A howler monkey skeleton (D:7)
  6 gnolls
  18 adders
  9 river rats (Lair:1)
  A shadow imp (D:13)
  7 white imps
  4 ufetubi
  An ooze (D:2)
  5 adder zombies (Ossuary)
  2 adder skeletons
  3 dart slugs
  8 leopard geckos
  129 orcs
  3 ball pythons (Snake:1)
  7 giant cockroaches
  11 goblins
  6 hobgoblins
  7 jackals
  5 quokkas
  10 bats
  4 frilled lizards
  3 goblin skeletons (D:7)
  5 goblin zombies
  8 hobgoblin zombies
  14 kobolds
  A kobold skeleton (Hell)
  5 kobold zombies
  A leopard gecko skeleton (D:7)
  3 orc skeletons (D:7)
  An orc zombie (D:7)
  2 quokka zombies (Ossuary)
  7 rats
  A rat zombie (Ossuary)
  4 crawling corpses
  A fire vortex (Depths:2)
  A fungus (Lair:4)
  A lurking horror (Abyss:3)
  3 plants
  8 starspawn tentacles
2975 creatures vanquished.

Vanquished Creatures (collateral kills)
  A Killer Klown (Zot:5)
  A golden dragon (Zot:3)
  An azure jelly (Slime:5)
  A death ooze (Slime:5)
  A slime creature (Slime:5)
  A mummy (Zig:8)
6 creatures vanquished.

Vanquished Creatures (others)
  A stone giant zombie (Vaults:1)
  An apocalypse crab (Abyss:3)
  A spiny frog (Lair:6)
  A golden eye (Zig:6)
  A phantom (D:7)
  A small abomination (Abyss:3)
  2 bushes (Lair:6)
  29 fungi
  87 plants
  8 starspawn tentacles
  4 tentacles (Hell)
136 creatures vanquished.

Grand Total: 3117 creatures vanquished

Notes
Turn   | Place    | Note
-------+----------+-------------------------------------------
     0 | D:1      | Kagalorn the Centaur Hunter began the quest for the Orb.
     0 | D:1      | Reached XP level 1. HP: 17/17 MP: 1/1
   357 | D:1      | Reached XP level 2. HP: 20/24 MP: 2/2
   999 | D:2      | Reached XP level 3. HP: 29/29 MP: 3/3
  1356 | D:2      | Reached XP level 4. HP: 37/37 MP: 4/4
  2347 | D:3      | Reached XP level 5. HP: 44/44 MP: 5/5
  2799 | D:4      | Noticed an ice beast
  2803 | D:3      | Reached XP level 6. HP: 45/51 MP: 6/6
  2928 | D:4      | Found a staircase to the Ecumenical Temple.
  2991 | Temple   | Entered the Ecumenical Temple
  3041 | Temple   | Became a worshipper of Warmaster Okawaru
  3203 | D:4      | Found a stormy altar of Qazlal.
  3364 | D:4      | Found Soibrota's Food Boutique.
  3844 | D:4      | Found a sacrificial altar of Ru.
  3844 | D:4      | Found a hide-covered altar of Uskayaw.
  3844 | D:4      | Found an ancient bone altar of Kikubaaqudgha.
  3844 | D:4      | Found a blossoming altar of Fedhas.
  3938 | D:4      | Found a shattered altar of Ashenzari.
  3943 | D:4      | Found a white marble altar of Elyvilon.
  4005 | D:4      | Reached skill level 10 in Bows
  4005 | D:4      | Reached XP level 7. HP: 44/59 MP: 7/7
  4457 | D:5      | Entered Level 5 of the Dungeon
  4493 | D:5      | Reached * piety under Okawaru
  5171 | D:5      | Reached skill level 5 in Fighting
  5171 | D:5      | Reached XP level 8. HP: 42/68 MP: 8/8
  5185 | D:5      | Noticed Sigmund
  5466 | D:5      | Killed Sigmund
  5466 | D:5      | Reached skill level 1 in Invocations
  5888 | D:6      | Found an iron altar of Okawaru.
  5969 | D:5      | Reached ** piety under Okawaru
  7300 | D:7      | Found a glowing golden altar of the Shining One.
  7364 | D:7      | Noticed Joseph
  7391 | D:7      | Killed Joseph
  7391 | D:7      | Reached XP level 9. HP: 31/75 MP: 8/11
  7800 | D:7      | Noticed Menkaure
  7827 | D:7      | Killed Menkaure
  7964 | D:7      | Found a bloodstained altar of Trog.
  8065 | D:7      | Found a glowing golden altar of the Shining One.
  8070 | D:7      | Found a basalt altar of Yredelemnul.
  8091 | D:7      | Noticed an angel
  8106 | D:7      | Noticed a profane servitor
  8174 | D:7      | Found a runed translucent door.
  8175 | D:7      | Noticed Crazy Yiuf
  8176 | D:7      | Got a warped mace
  8193 | D:7      | Killed Crazy Yiuf
  8459 | D:8      | Found a sand-covered staircase.
  8467 | Ossuary  | Entered an ossuary
  8584 | Ossuary  | Reached *** piety under Okawaru
  8900 | Ossuary  | Reached skill level 1 in Stealth
  9452 | D:8      | Found an opulent altar of Gozag.
  9642 | D:8      | Reached XP level 10. HP: 90/90 MP: 13/13
 10290 | D:8      | Reached **** piety under Okawaru
 10593 | D:8      | Found a staircase to the Lair.
 10707 | D:9      | Noticed a manticore
 10894 | D:8      | Killed a manticore
 10894 | D:8      | Reached skill level 10 in Fighting
 11133 | D:9      | Identified the cursed +0 mace of Taoc {pain, *Rage rElec
                  | rF+ Str+6} (You found it on level 7 of the Dungeon)
 11274 | D:9      | Reached skill level 5 in Invocations
 11318 | D:9      | Found a staircase to the Orcish Mines.
 12286 | D:10     | Entered Level 10 of the Dungeon
 12397 | D:10     | Found Mujilom's Distillery.
 12406 | D:10     | Bought a potion of might for 44 gold pieces
 12425 | D:10     | Got a brightly glowing hand axe
 12670 | D:10     | Reached ***** piety under Okawaru
 12670 | D:10     | Received a gift from Okawaru
 13637 | Lair:1   | Entered Level 1 of the Lair of Beasts
 13759 | Lair:1   | Received a gift from Okawaru
 14194 | Lair:1   | Noticed Nergalle
 14331 | D:8      | Killed Nergalle
 14331 | D:8      | Reached XP level 11. HP: 91/104 MP: 15/15
 14617 | Lair:1   | Noticed Erica
 14822 | Lair:1   | Killed Erica
 14858 | Lair:1   | Identified the +3 hand axe "Retoguri" {antimagic, Fragile
                  | rC++} (You found it on level 10 of the Dungeon)
 14887 | Lair:1   | Found a runed translucent gate.
 14889 | Lair:1   | Found a runed translucent gate.
 14974 | Lair:1   | Received a gift from Okawaru
 15079 | Lair:1   | Found a runed translucent gate.
 15083 | Lair:1   | Noticed astraldaughter's ghost (novice CeIE)
 15445 | Lair:2   | Found a staircase to the Shoals.
 15579 | Lair:2   | Noticed Fannar
 15851 | Lair:1   | Killed Fannar
 16775 | Lair:3   | Reached skill level 15 in Bows
 16808 | Lair:3   | Found a staircase to the Snake Pit.
 17590 | Lair:4   | Noticed a five-headed hydra
 17667 | Lair:4   | Killed a five-headed hydra
 18279 | Lair:4   | Reached XP level 12. HP: 84/115 MP: 16/16
 18337 | Lair:4   | Noticed an eight-headed hydra
 18514 | Lair:4   | Reached ****** piety under Okawaru
 18515 | Lair:4   | Received a gift from Okawaru
 18612 | Lair:4   | Noticed Snorg
 18619 | Lair:4   | Noticed a seven-headed hydra
 18621 | Lair:4   | Killed Snorg
 18628 | Lair:4   | Killed a seven-headed hydra
 18844 | Lair:4   | Killed an eight-headed hydra
 18845 | Lair:4   | Noticed a four-headed hydra
 18849 | Lair:4   | Killed a four-headed hydra
 19572 | Lair:5   | Received a gift from Okawaru
 19673 | Lair:5   | Received a gift from Okawaru
 19757 | Lair:5   | Noticed an eight-headed hydra
 19768 | Lair:5   | Killed an eight-headed hydra
 19768 | Lair:5   | Received a gift from Okawaru
 19886 | Lair:5   | Reached XP level 13. HP: 120/124 MP: 14/17
 20025 | Lair:5   | Noticed Rupert
 20034 | Lair:5   | Killed Rupert
 20463 | Lair:6   | Entered Level 6 of the Lair of Beasts
 20556 | Lair:6   | Found a runed translucent door.
 20556 | Lair:6   | Noticed astraldaughter's ghost (journeyman TeAE)
 20593 | Lair:6   | HP: 4/125 [spiny frog (17)]
 21236 | Lair:5   | Received a gift from Okawaru
 21658 | Lair:6   | Received a gift from Okawaru
 21667 | Lair:6   | Reached skill level 15 in Fighting
 21828 | Lair:6   | Received a gift from Okawaru
 21904 | Lair:6   | Received a gift from Okawaru
 22825 | Lair:6   | Reached XP level 14. HP: 136/136 MP: 18/18
 22840 | Lair:6   | Received a gift from Okawaru
 22875 | Lair:6   | Found a staircase to the Slime Pits.
 24321 | D:11     | Reached skill level 1 in Armour
 24415 | D:11     | Received a gift from Okawaru
 24455 | D:11     | Got a heavily runed buckler {god gift}
 24462 | D:11     | Identified the +1 buckler "Myatsiol" {rElec rF++ rC- Int+3}
                  | (Okawaru gifted it to you on level 11 of the Dungeon)
 25938 | D:13     | Found a flagged portal.
 26035 | Bailey   | Entered a bailey
 26477 | Bailey   | Reached skill level 5 in Polearms
 26477 | Bailey   | Reached XP level 15. HP: 145/145 MP: 19/19
 27203 | D:13     | Found Fiatz's Blood Bar.
 27299 | D:13     | Noticed Urug
 27305 | D:13     | Killed Urug
 27969 | Orc:1    | Entered Level 1 of the Orcish Mines
 28127 | Orc:1    | Noticed Sonja
 28136 | Orc:1    | Killed Sonja
 28319 | Orc:1    | Found a roughly hewn altar of Beogh.
 28448 | Orc:2    | Entered Level 2 of the Orcish Mines
 28448 | Orc:2    | Found Eshrul's Gadget Boutique.
 28488 | Orc:2    | Found a staircase to the Elven Halls.
 28699 | Orc:2    | Received a gift from Okawaru
 28810 | Orc:2    | Reached XP level 16. HP: 150/155 MP: 20/20
 29060 | Orc:2    | Found Ofrefeinn's Magic Scroll Boutique.
 29060 | Orc:2    | Found Wyvepat's Distillery.
 29062 | Orc:2    | Found Buco's Assorted Antiques.
 29062 | Orc:2    | Found Tymnip's Jewellery Boutique.
 29069 | Orc:2    | Bought 3 scrolls of identify for 72 gold pieces
 29069 | Orc:2    | Bought a scroll of fog for 24 gold pieces
 29069 | Orc:2    | Bought a scroll of fog for 24 gold pieces
 29069 | Orc:2    | Bought a scroll of teleportation for 36 gold pieces
 29069 | Orc:2    | Bought a scroll of teleportation for 36 gold pieces
 29079 | Orc:2    | Bought a scroll labeled TUTROM QUBYJYCH for 27 gold pieces
 29091 | Orc:2    | Bought the amulet of the Four Winds {rN+ MR+++ Clar} for
                  | 614 gold pieces
 29091 | Orc:2    | Found the amulet of the Four Winds {rN+ MR+++ Clar}
 29341 | Orc:2    | Found a roughly hewn altar of Beogh.
 29450 | Orc:2    | Found a runed translucent door.
 29463 | Orc:2    | Found a shimmering altar of Xom.
 29463 | Orc:2    | Noticed Utis's ghost (journeyman TeSu)
 29704 | Orc:2    | Killed Utis's ghost
 29729 | Orc:2    | Identified the +3 helmet "Gadghes" {rPois Str+4 Dex+2} (You
                  | found it on level 2 of the Orcish Mines)
 30006 | D:14     | Found Humaig's Jewellery Shop.
 30084 | D:14     | Identified Roxanne's Catalogue of Transmutation
 30084 | D:14     | Noticed Roxanne
 30618 | D:14     | Reached skill level 5 in Armour
 30640 | D:14     | Found a shattered altar of Ashenzari.
 30846 | D:14     | Found a gate to the Vaults.
 30849 | D:14     | Identified Further Progress in Wizardry
 30988 | D:14     | Noticed Josephine
 31026 | D:14     | Killed Josephine
 31131 | D:15     | Entered Level 15 of the Dungeon
 31527 | D:15     | Received a gift from Okawaru
 31528 | D:15     | Found a staircase to the Depths.
 32050 | D:15     | Found a snail-covered altar of Cheibriados.
 32181 | D:15     | Found Xaza's Gadget Boutique.
 32869 | Lair:1   | Killed astraldaughter's ghost
 32948 | Snake:1  | Entered Level 1 of the Snake Pit
 32994 | Snake:1  | Noticed Aizul
 33024 | Lair:3   | Killed Aizul
 33909 | Snake:1  | Reached XP level 17. HP: 103/166 MP: 21/21
 34131 | Snake:1  | Received a gift from Okawaru
 34769 | Snake:2  | Received a gift from Okawaru
 34852 | Snake:2  | Received a gift from Okawaru
 35990 | Snake:3  | Reached skill level 5 in Dodging
 36401 | Snake:3  | Noticed Kirke
 36428 | Snake:3  | Killed Kirke
 36745 | Snake:3  | Received a gift from Okawaru
 36893 | Snake:3  | Noticed Nikola
 36901 | Snake:3  | Killed Nikola
 37146 | Snake:4  | Entered Level 4 of the Snake Pit
 37159 | Snake:4  | Received a gift from Okawaru
 38040 | Snake:4  | Received a gift from Okawaru
 38184 | Snake:4  | Reached XP level 18. HP: 150/179 MP: 22/22
 38596 | Snake:4  | Got a serpentine rune of Zot
 39157 | Shoals:1 | Entered Level 1 of the Shoals
 39423 | Shoals:1 | Received a gift from Okawaru
 41079 | Shoals:2 | Reached skill level 10 in Polearms
 41166 | Shoals:3 | Received a gift from Okawaru
 41171 | Shoals:3 | Got a steaming centaur barding {god gift}
 41183 | Shoals:3 | Identified the +4 centaur barding of Death's Door {+Blink
                  | rF++ rC+ Dex-2} (Okawaru gifted it to you on level 3 of the
                  | Shoals)
 41422 | Shoals:3 | Found an opulent altar of Gozag.
 42088 | Shoals:4 | Entered Level 4 of the Shoals
 42088 | Shoals:4 | Noticed Ilsuiw
 42321 | Shoals:4 | Reached XP level 19. HP: 186/189 MP: 23/23
 42328 | Shoals:4 | Noticed Polyphemus
 42338 | Shoals:4 | Killed Polyphemus
 42762 | Shoals:4 | Identified a scroll of acquirement
 43258 | Shoals:4 | Killed Ilsuiw
 43297 | Shoals:4 | HP: 5/190 [manticore/volley of spikes (5)]
 43297 | Shoals:4 | HP: 1/190 [snapping turtle (4)]
 43299 | Shoals:4 | Found the +4 dagger "Morg" {pain, MR+ Int+5}
 44072 | Shoals:4 | Received a gift from Okawaru
 44123 | Shoals:4 | Identified the +1 centaur barding of Patterns {rPois Regen+
                  | Str+10 Stlth-} (Okawaru gifted it to you on level 4 of the
                  | Shoals)
 44154 | Shoals:4 | Got a barnacled rune of Zot
 45162 | Lair:6   | Killed astraldaughter's ghost
 45375 | Elf:1    | Entered Level 1 of the Elven Halls
 45432 | Elf:1    | Noticed a Brimstone Fiend
 45586 | Elf:1    | Identified the Catalogue of Calling
 45835 | Elf:1    | Found Ydayriu's Assorted Antiques.
 45861 | Elf:1    | Bought a scroll of teleportation for 90 gold pieces
 46527 | Elf:1    | Received a gift from Okawaru
 46528 | Elf:1    | Found the +5 scythe "Finisher" {speed, eviscerate}
 47094 | Elf:2    | Reached skill level 10 in Armour
 47094 | Elf:2    | Reached XP level 20. HP: 200/200 MP: 24/24
 47157 | Elf:2    | Received a gift from Okawaru
 47376 | Elf:2    | Received a gift from Okawaru
 47476 | Elf:2    | Found a huge runed translucent gate.
 47476 | Elf:2    | Found a huge runed translucent gate.
 47476 | Elf:2    | Found a huge runed translucent gate.
 47476 | Elf:2    | Found a huge runed translucent gate.
 47478 | Elf:2    | Found a huge runed translucent gate.
 47863 | Elf:2    | Received a gift from Okawaru
 48146 | Elf:3    | Entered Level 3 of the Elven Halls
 48189 | Elf:3    | Reached skill level 27 in Bows
 48322 | Elf:2    | Received a gift from Okawaru
 48331 | Elf:2    | Identified the +0 scale mail of Lilacs {Slay+6} (Okawaru
                  | gifted it to you on level 2 of the Elven Halls)
 49387 | Elf:3    | Identified the +3 falchion "Liyqoum" {slice, *Rage rPois
                  | rN+++ MR-}
 49528 | Elf:3    | Identified the +9 demon blade of the Open Hand {vamp, MR+}
 49548 | Elf:3    | Identified the ring of Virtue {rPois MR+ Dex+4} (You found
                  | it on level 3 of the Elven Halls)
 49677 | Elf:3    | Got a dazzling trident
 49678 | Elf:3    | Identified the cursed +0 trident "Vietuos" {freeze, rPois}
                  | (You found it on level 3 of the Elven Halls)
 49791 | Elf:3    | Found Buheop's Gadget Shoppe.
 49923 | Elf:3    | Identified Sif Muna's Almanac of Summoning
 49926 | Elf:3    | Identified the Papyrus of Mutagenic Protection
 49962 | Elf:3    | Found the +7 sceptre of Torment {pain, torment}
 50475 | Vaults:1 | Entered Level 1 of the Vaults
 50851 | Vaults:1 | Reached XP level 21. HP: 135/207 MP: 25/25
 51213 | Vaults:1 | Received a gift from Okawaru
 51260 | Vaults:1 | Received a gift from Okawaru
 51264 | Vaults:1 | Identified the +1 robe of the Untouchables {rN+ Int+5
                  | Stlth+} (Okawaru gifted it to you on level 1 of the Vaults)
 51511 | Vaults:1 | Reached skill level 10 in Dodging
 51702 | Vaults:1 | Found Zoshroso's Food Shoppe.
 52394 | Vaults:2 | Found a staircase to the Crypt.
 52394 | Vaults:2 | You fall into a shaft and drop 1 floor!
 52722 | Vaults:2 | Received a gift from Okawaru
 52726 | Vaults:2 | Identified the +0 cloak of Responsibility {rElec Int+8
                  | Dex-2} (Okawaru gifted it to you on level 2 of the Vaults)
 53828 | Vaults:3 | Reached XP level 22. HP: 110/215 MP: 26/26
 54235 | Vaults:3 | Upgraded the game from 0.25-a0-177-gd145f35b4e to
                  | 0.25-a0-184-gcd15a05269
 54295 | Vaults:3 | Received a gift from Okawaru
 55741 | Vaults:4 | Received a gift from Okawaru
 55918 | Vaults:4 | Reached skill level 15 in Armour
 55920 | Vaults:4 | Reached skill level 1 in Air Magic
 55934 | Vaults:4 | Learned a level 4 spell: Summon Lightning Spire
 56100 | Vaults:4 | Reached skill level 1 in Spellcasting
 56273 | D:14     | Killed Roxanne
 56273 | D:14     | Reached skill level 1 in Summonings
 56383 | Depths:1 | Entered Level 1 of the Depths
 57112 | Depths:1 | Found a gateway to a ziggurat.
 57386 | Depths:1 | Found a gateway to Hell.
 57446 | Depths:1 | Reached skill level 5 in Air Magic
 57574 | Depths:1 | Found Menlih's Distillery.
 57574 | Depths:1 | Found Weli's Distillery.
 57584 | Depths:1 | Bought a potion of heal wounds for 80 gold pieces
 57584 | Depths:1 | Bought a potion of curing for 48 gold pieces
 57590 | Depths:1 | Bought a potion of heal wounds for 60 gold pieces
 57590 | Depths:1 | Bought a potion of curing for 36 gold pieces
 57590 | Depths:1 | Bought a potion of curing for 36 gold pieces
 57590 | Depths:1 | Bought a potion of curing for 36 gold pieces
 57743 | Depths:1 | Found a runed translucent door.
 58035 | Depths:2 | Reached XP level 23. HP: 193/223 MP: 28/28
 58079 | Depths:2 | Received a gift from Okawaru
 58442 | Depths:1 | Learned a level 5 spell: Silence
 58587 | Depths:2 | Found a one-way gate to the infinite horrors of the Abyss.
 58638 | Depths:2 | Reached skill level 1 in Hexes
 58682 | Depths:2 | Noticed a juggernaut
 58715 | Depths:2 | Killed a juggernaut
 58715 | Depths:2 | Reached skill level 5 in Summonings
 58716 | Depths:2 | Received a gift from Okawaru
 58948 | Depths:2 | Noticed a caustic shrike
 58953 | Depths:2 | Killed a caustic shrike
 59005 | Depths:2 | Reached skill level 5 in Spellcasting
 59629 | Depths:2 | Identified the +11 great sword "Xuemadwiha" {freeze, rElec
                  | rC- Int+4 Stlth+}
 60148 | Depths:3 | Noticed a juggernaut
 60162 | Depths:3 | Killed a juggernaut
 60162 | Depths:3 | Reached skill level 10 in Air Magic
 60163 | Depths:3 | Reached skill level 5 in Hexes
 60526 | Depths:3 | Received a gift from Okawaru
 61392 | Depths:3 | Identified the amulet "Pyquntup" {Gourm *Corrode MR+++
                  | Str+6}
 61478 | Depths:3 | Noticed an ancient lich
 61510 | Depths:3 | Killed an ancient lich
 61549 | Depths:3 | Reached XP level 24. HP: 168/231 MP: 33/34
 61889 | Depths:3 | Found a one-way gate leading to the halls of Pandemonium.
 61948 | Depths:3 | Identified the Handbook of Orthodoxy
 62077 | Depths:3 | Noticed Sojobo
 62648 | Depths:3 | Killed Sojobo
 62952 | Depths:4 | Found a portal to a secret trove of treasure.
 63143 | Depths:4 | Received a gift from Okawaru
 63148 | Depths:4 | Identified the +5 longbow "Puvepnut" {velocity, rElec rC-
                  | Str+8 Int+3} (Okawaru gifted it to you on level 4 of the
                  | Depths)
 64011 | Depths:5 | Entered Level 5 of the Depths
 64136 | Depths:5 | Received a gift from Okawaru
 64280 | Depths:5 | Noticed a juggernaut
 64294 | Depths:5 | Killed a juggernaut
 66093 | Depths:5 | Found a gate to the Realm of Zot.
 66744 | Depths:4 | Received a gift from Okawaru
 67180 | Vaults:5 | Entered Level 5 of the Vaults
 67328 | Vaults:4 | Received a gift from Okawaru
 67342 | Vaults:4 | Identified the +4 centaur barding of Okawaru's Approval
                  | {rElec rN+ Stlth-} (Okawaru gifted it to you on level 4 of
                  | the Vaults)
 67777 | Vaults:5 | Identified the +1 hand axe of Fausk {drain, rPois MR-
                  | Str+3}
 67893 | Vaults:5 | Reached XP level 25. HP: 222/244 MP: 34/36
 67962 | Vaults:5 | Identified the cursed ring "Zetwaiza" {MR+ Int-3}
 68462 | Vaults:5 | Got a shimmering ruby amulet
 68479 | Vaults:5 | Identified the amulet of the Swan {Regen+ Int+4} (You found
                  | it on level 5 of the Vaults)
 68602 | Vaults:5 | Got a silver rune of Zot
 68669 | Vaults:5 | Identified the +2 executioner's axe of Kiuphyciwko {chop,
                  | *Rage MR+ Str+2}
 68670 | Vaults:5 | Identified the +10 scimitar of Paper {freeze, Dex+4}
 68676 | Vaults:5 | Received a gift from Okawaru
 68995 | Vaults:5 | Identified the +5 scythe "Vumenuod" {drain, rC- MP+9 Str+4}
 68995 | Vaults:5 | Identified the cursed ring of Lashih {+Blink Slay-5}
 69071 | Vaults:5 | Found Izenieso's Book Shoppe.
 69102 | Vaults:5 | Identified the amulet "Deczuk" {Inacc rElec Str+8 Int+3}
                  | (You found it on level 5 of the Vaults)
 69126 | Vaults:5 | Identified the +5 longbow of Mourning {speed, Dex+4} (You
                  | found it on level 5 of the Vaults)
 69317 | Vaults:5 | Received a gift from Okawaru
 69649 | Vaults:5 | Received a gift from Okawaru
 69821 | Vaults:5 | Found Ixockat's Weapon Emporium.
 69938 | Vaults:5 | Found the +8 frozen axe "Frostbite" {freezing cloud, *Noise
                  | +Fly rC+}
 70232 | Vaults:5 | Identified the +1 plate armour of Baldness {+Fly Slay+5
                  | Stlth+} (You found it on level 5 of the Vaults)
 70714 | Slime:1  | Entered Level 1 of the Pits of Slime
 70773 | Slime:2  | Gained mutation: Your spells are a little easier to cast,
                  | but a little less powerful. [a shining eye]
 70830 | Slime:3  | Received a gift from Okawaru
 70836 | Slime:3  | Gained mutation: Your magical capacity is low. (-10% MP) [a
                  | shining eye]
 70840 | Slime:3  | Identified the +1 ring mail of Okawaru's Vengeance {Dex+3}
                  | (Okawaru gifted it to you on level 3 of the Pits of Slime)
 70889 | Slime:5  | Entered Level 5 of the Pits of Slime
 71026 | Slime:5  | Found a viscous altar of Jiyva.
 71066 | Slime:5  | Noticed the Royal Jelly
 71092 | Slime:5  | Killed the Royal Jelly
 71092 | Slime:5  | Reached XP level 26. HP: 188/260 MP: 23/33
 71163 | Slime:5  | Found the +2 pair of boots of the Assassin {Detection Stab+
                  | Stlth++}
 71464 | Slime:5  | Identified the cursed +0 cloak "Icwit" {MR- Int+3 Dex+4}
                  | (You found it on level 5 of the Pits of Slime)
 71561 | Slime:5  | Got a slimy rune of Zot
 71574 | Slime:5  | Got a scorched zirconium amulet
 71575 | Slime:5  | Identified the amulet "Taidwif" {+Rage rPois rC++ Str-2}
                  | (You acquired it on level 5 of the Pits of Slime)
 71866 | Slime:4  | Gained mutation: You are weak. (Str -2) [a shining eye]
 72286 | Depths:2 | Voluntarily entered the Abyss.
 72577 | Abyss:1  | Noticed an ancient lich
 72589 | Abyss:1  | Killed an ancient lich
 72794 | Abyss:1  | Reached skill level 10 in Spellcasting
 73045 | Abyss:1  | Learned a level 1 spell: Apportation
 73127 | Abyss:1  | Received a gift from Okawaru
 73353 | Abyss:1  | Reached skill level 1 in Translocations
 73357 | Abyss:1  | Found a basalt altar of Yredelemnul.
 74306 | Abyss:3  | Paralysed by you for 3 turns
 74321 | Abyss:3  | Paralysed by something for 3 turns
 74562 | Abyss:3  | Received a gift from Okawaru
 74565 | Abyss:3  | Identified the +2 cloak "Kyitiaha" {rF++ Str+2} (Okawaru
                  | gifted it to you on level 3 of the Abyss)
 74583 | Abyss:3  | Reached skill level 27 in Fighting
 74600 | Abyss:3  | Got an abyssal rune of Zot
 74714 | Abyss:3  | Reached skill level 5 in Translocations
 75006 | Abyss:3  | Reached skill level 15 in Air Magic
 75243 | Depths:2 | Escaped the Abyss
 75251 | Depths:2 | Found the +10 Black Knight's horse barding {ponderous,
                  | rPois rN+}
 75300 | Depths:2 | Lost mutation: Your magical capacity is low. (-10% MP)
                  | [potion of mutation]
 75300 | Depths:2 | Lost mutation: Your spells are a little easier to cast, but
                  | a little less powerful. [potion of mutation]
 75300 | Depths:2 | Gained mutation: You are frail. (-10% HP) [potion of
                  | mutation]
 75300 | Depths:2 | Lost mutation: You are frail. (-10% HP) [potion of
                  | mutation]
 75300 | Depths:2 | Gained mutation: Your system is resistant to poisons.
                  | (rPois) [potion of mutation]
 75301 | Depths:2 | Lost mutation: You are weak. (Str -2) [potion of mutation]
 75301 | Depths:2 | Lost mutation: Your system is resistant to poisons. (rPois)
                  | [potion of mutation]
 75301 | Depths:2 | Gained mutation: Your spells are a little easier to cast,
                  | but a little less powerful. [potion of mutation]
 75301 | Depths:2 | Gained mutation: Your magical capacity is low. (-10% MP)
                  | [potion of mutation]
 75301 | Depths:2 | Lost mutation: Your spells are a little easier to cast, but
                  | a little less powerful. [potion of mutation]
 75302 | Depths:2 | Lost mutation: Your magical capacity is low. (-10% MP)
                  | [potion of mutation]
 75302 | Depths:2 | Gained mutation: Scrolls take you a little longer to read.
                  | [potion of mutation]
 75302 | Depths:2 | Lost mutation: Scrolls take you a little longer to read.
                  | [potion of mutation]
 75433 | Zot:1    | Entered Level 1 of the Realm of Zot
 75438 | Zot:1    | Noticed an orb of fire
 75450 | Zot:1    | Gained mutation: You are weak. (Str -2) [an orb of fire]
 75452 | Zot:1    | Killed an orb of fire
 75461 | Zot:1    | Reached XP level 27. HP: 226/273 MP: 37/37
 76599 | Zot:1    | Found a runed translucent gate.
 76601 | Zot:1    | Found a runed translucent gate.
 76603 | Zot:1    | Found a runed translucent gate.
 76605 | Zot:1    | Found an ancient bone altar of Kikubaaqudgha.
 76605 | Zot:1    | Noticed an ancient lich
 76606 | Zot:1    | Noticed jytt13's ghost (veteran MiBe)
 76607 | Zot:1    | Noticed an ancient lich
 76607 | Zot:1    | Noticed an ancient lich
 76607 | Zot:1    | Noticed an ancient lich
 77036 | Zot:1    | Received a gift from Okawaru
 77976 | Zot:1    | Killed an ancient lich
 77984 | Zot:1    | Killed an ancient lich
 77990 | Zot:1    | Killed an ancient lich
 78004 | Zot:1    | Killed an ancient lich
 78032 | Zot:1    | Killed jytt13's ghost
 78053 | Zot:1    | Got a twitching iron ring
 78080 | Zot:1    | Got a polished helmet
 78086 | Zot:1    | Identified the +2 helmet of Ojayb {Int+4 Dex+3} (You found
                  | it on level 1 of the Realm of Zot)
 78106 | Zot:1    | Identified the ring "Pitoolergh" {rN+ Int+4 Stlth-} (You
                  | found it on level 1 of the Realm of Zot)
 79514 | Zot:2    | Received a gift from Okawaru
 80862 | Zot:3    | Received a gift from Okawaru
 80873 | Zot:3    | Got a silken robe {god gift}
 81138 | Zot:3    | Got an ancient longbow
 81139 | Zot:3    | Identified the cursed +3 longbow of Kuawnidy {venom, Str+7}
                  | (You found it on level 3 of the Realm of Zot)
 81176 | Zot:3    | Identified Sif Muna's Disquisition on Creation
 82151 | Zot:4    | Identified the ring "Moteki" {Ice *Slow MR+++ Str+7}
 82445 | Zot:4    | Received a gift from Okawaru
 83120 | Zot:4    | Identified the +5 scimitar "Fayloziwn" {protect, *Drain
                  | Str+9 Dex+2 Stlth+}
 83622 | Vaults:1 | Identified the +4 robe of Nihilism {*Drain rElec rC+ Str+4}
                  | (Okawaru gifted it to you on level 3 of the Realm of Zot)
 83998 | Zot:5    | Entered Level 5 of the Realm of Zot
 84461 | Orc:2    | Bought a potion of heal wounds for 70 gold pieces
 84461 | Orc:2    | Bought a potion of heal wounds for 70 gold pieces
 84461 | Orc:2    | Bought a potion of mutation for 112 gold pieces
 84461 | Orc:2    | Bought a potion of resistance for 140 gold pieces
 84461 | Orc:2    | Bought a potion of haste for 140 gold pieces
 84461 | Orc:2    | Bought a potion of agility for 56 gold pieces
 84461 | Orc:2    | Bought 2 potions of magic for 224 gold pieces
 84461 | Orc:2    | Bought 2 potions of curing for 84 gold pieces
 84461 | Orc:2    | Bought a potion of curing for 42 gold pieces
 84776 | Depths:4 | You paid a toll of 13 potions of heal wounds to enter a
                  | treasure trove
 84777 | Trove    | Entered a treasure trove
 84788 | Trove    | Got a smoking silver amulet
 84794 | Trove    | Got a bound ivory ring
 84801 | Trove    | Got a heavily runed diamond amulet
 84846 | Depths:4 | Identified the amulet "Zeduinogg" {Faith +Blink rF+ Int+4
                  | Dex+2} (You found it in a treasure trove)
 84850 | Depths:4 | Identified the amulet "Sotugun" {Faith *Corrode Str+4
                  | Dex+3} (You found it in a treasure trove)
 84854 | Depths:4 | Identified the ring "Ytokar Yta" {MR+ Dex+3 SInv} (You
                  | found it in a treasure trove)
 85232 | Depths:1 | Bought a potion of flight for 48 gold pieces
 85248 | Zig:1    | Entered Level 1 of a ziggurat
 85274 | Zig:2    | Entered Level 2 of a ziggurat
 85300 | Zig:3    | Entered Level 3 of a ziggurat
 85567 | Zig:4    | Entered Level 4 of a ziggurat
 85639 | Zig:4    | Learned a level 5 spell: Summon Mana Viper
 85744 | Zig:5    | Entered Level 5 of a ziggurat
 85854 | Zig:6    | Entered Level 6 of a ziggurat
 85928 | Zig:6    | Identified the +0 cloak of the Enchanted Forest {*Contam
                  | *Corrode rElec rF+++} (You found it on level 6 of a
                  | ziggurat)
 85971 | Zig:7    | Entered Level 7 of a ziggurat
 86110 | Zig:8    | Entered Level 8 of a ziggurat
 86117 | Zig:8    | Noticed a greater mummy
 86132 | Zig:8    | Killed a greater mummy
 86142 | Zig:8    | Noticed a greater mummy
 86154 | Zig:8    | Noticed a greater mummy
 86818 | Zot:5    | Found a stormy altar of Qazlal.
 87051 | Zot:5    | Found a white marble altar of Elyvilon.
 87318 | Zot:5    | Noticed an ancient lich
 87325 | Zot:5    | Killed an ancient lich
 87326 | Zot:5    | Noticed an orb of fire
 87350 | Zot:5    | Received a gift from Okawaru
 87403 | Zot:5    | Gained mutation: Your spells are a little easier to cast,
                  | but a little less powerful. [an orb of fire]
 87413 | Zot:5    | Killed an orb of fire
 87413 | Zot:5    | Received a gift from Okawaru
 87479 | Zot:5    | Received a gift from Okawaru
 87720 | Zot:5    | Noticed an orb of fire
 87834 | Zot:5    | Received a gift from Okawaru
 87855 | Zot:5    | Reached skill level 10 in Hexes
 87895 | Zot:5    | Noticed an orb of fire
 87895 | Zot:5    | Noticed an ancient lich
 87895 | Zot:5    | Noticed an ancient lich
 87911 | Zot:5    | Gained mutation: You are very weak. (Str -4) [an orb of
                  | fire]
 87912 | Zot:5    | Noticed an ancient lich
 87915 | Zot:5    | Killed an orb of fire
 87915 | Zot:5    | Received a gift from Okawaru
 87925 | Zot:5    | Killed an ancient lich
 87937 | Zot:5    | Received a gift from Okawaru
 87938 | Zot:5    | Killed an ancient lich
 87953 | Zot:5    | Killed an ancient lich
 88143 | Zot:5    | Received a gift from Okawaru
 88462 | Hell     | Entered the Vestibule of Hell
 88462 | Hell     | Noticed Geryon
 88471 | Hell     | Killed Geryon
 88527 | Hell     | Found a gateway to the ashen valley of Gehenna.
 89773 | Hell     | Received a gift from Okawaru
 89789 | Hell     | Found a gateway to the decaying netherworld of Tartarus.
 89916 | Hell     | Found a gateway to the freezing wastes of Cocytus.
 90059 | Hell     | Found a gateway to the Iron City of Dis.
 90324 | Zot:5    | Got the Orb of Zot
 90360 | Zot:5    | Received a gift from Okawaru
 90650 | D:14     | Lost mutation: You are very weak. (Str -4) [potion of
                  | mutation]
 90650 | D:14     | Lost mutation: You are weak. (Str -2) [potion of mutation]
 90650 | D:14     | Lost mutation: Your spells are a little easier to cast, but
                  | a little less powerful. [potion of mutation]
 90650 | D:14     | Gained mutation: Scrolls take you a little longer to read.
                  | [potion of mutation]
 90650 | D:14     | Gained mutation: You have a pair of small horns on your
                  | head. [potion of mutation]
 90650 | D:14     | Gained mutation: You are agile. (Dex +2) [potion of
                  | mutation]
 90651 | D:14     | Lost mutation: Scrolls take you a little longer to read.
                  | [potion of mutation]
 90651 | D:14     | Lost mutation: You are agile. (Dex +2) [potion of mutation]
 90651 | D:14     | Gained mutation: You are weak. (Str -2) [potion of
                  | mutation]
 90651 | D:14     | Gained mutation: You possess an exceptional clarity of
                  | mind. [potion of mutation]
 90652 | D:14     | Lost mutation: You are weak. (Str -2) [potion of mutation]
 90652 | D:14     | Lost mutation: You have a pair of small horns on your head.
                  | [potion of mutation]
 90652 | D:14     | Lost mutation: You possess an exceptional clarity of mind.
                  | [potion of mutation]
 90652 | D:14     | Gained mutation: Your skin changes colour to match your
                  | surroundings (Stealth+). [potion of mutation]
 90652 | D:14     | Gained mutation: Your body sometimes deteriorates upon
                  | taking damage. [potion of mutation]
 90652 | D:14     | Gained mutation: You are surrounded by a mild repulsion
                  | field. (EV +2) [potion of mutation]
 90652 | D:14     | Gained mutation: You have an increased reservoir of magic.
                  | (+10% MP) [potion of mutation]
 90653 | D:14     | Lost mutation: You are surrounded by a mild repulsion
                  | field. (EV +2) [potion of mutation]
 90653 | D:14     | Lost mutation: Your body sometimes deteriorates upon taking
                  | damage. [potion of mutation]
 90653 | D:14     | Gained mutation: Your body sometimes deteriorates upon
                  | taking damage. [potion of mutation]
 90653 | D:14     | Gained mutation: You have a pair of small horns on your
                  | head. [potion of mutation]
 90653 | D:14     | Gained mutation: Your mind is acute. (Int +2) [potion of
                  | mutation]
 90654 | D:14     | Lost mutation: You have a pair of small horns on your head.
                  | [potion of mutation]
 90654 | D:14     | Lost mutation: Your body sometimes deteriorates upon taking
                  | damage. [potion of mutation]
 90654 | D:14     | Gained mutation: You are frail. (-10% HP) [potion of
                  | mutation]
 90654 | D:14     | Gained mutation: You occasionally shout uncontrollably at
                  | your foes. [potion of mutation]
 90654 | D:14     | Lost mutation: You are frail. (-10% HP) [potion of
                  | mutation]
 90654 | D:14     | Gained mutation: You are partially covered in slimy green
                  | scales. (AC +2) [potion of mutation]
 90655 | D:14     | Lost mutation: You are partially covered in slimy green
                  | scales. (AC +2) [potion of mutation]
 90655 | D:14     | Lost mutation: Your mind is acute. (Int +2) [potion of
                  | mutation]
 90655 | D:14     | Lost mutation: You occasionally shout uncontrollably at
                  | your foes. [potion of mutation]
 90655 | D:14     | Gained mutation: You do not regenerate when monsters are
                  | visible. [potion of mutation]
 90655 | D:14     | Gained mutation: Scrolls take you a little longer to read.
                  | [potion of mutation]
 90655 | D:14     | Gained mutation: Your mind is acute. (Int +2) [potion of
                  | mutation]
 90656 | D:14     | Lost mutation: Your skin changes colour to match your
                  | surroundings (Stealth+). [potion of mutation]
 90656 | D:14     | Lost mutation: Your mind is acute. (Int +2) [potion of
                  | mutation]
 90656 | D:14     | Lost mutation: You have an increased reservoir of magic.
                  | (+10% MP) [potion of mutation]
 90656 | D:14     | Gained mutation: You are partially covered in iridescent
                  | scales. (AC +2) [potion of mutation]
 90657 | D:14     | Lost mutation: You are partially covered in iridescent
                  | scales. (AC +2) [potion of mutation]
 90657 | D:14     | Lost mutation: You do not regenerate when monsters are
                  | visible. [potion of mutation]
 90657 | D:14     | Gained mutation: You are somewhat resistant to further
                  | mutation. [potion of mutation]
 90669 | D:13     | Noticed Amimik the pandemonium lord
 90669 | D:13     | Noticed an ancient lich
 91000 | D:$      | Escaped with the Orb!

Levels and vault maps discovered:
D:1:      dpeg_arrival_rooms_with_view, layout_basic,
          wander_ebering_terrifying_dragon_lair
D:2:      layout_rooms, minivault_19, minmay_box_of_dots
D:3:      layout_rooms
D:4:      layout_layer_cave, minmay_overflow_temple_hex, kennysheep_little_box,
          minmay_temple_entry_stoned_glass, serial_shops, shop, st_stairs_5
D:5:      layout_gridville, first_ration, uniq_sigmund
D:6:      layout_layer_cave, chequers_mini_garden, chequers_big_river,
          okawaru_trees_2
D:7:      layout_rooms, grunt_temple_overflow_holy_war, lemuel_round_altar,
          nicolae_overflow_hidden_temple, nicolae_tso_besieged_by_evil,
          uniq_joseph, uniq_crazy_yiuf_cottage, uniq_menkaure
D:8:      layout_cave_pools, erik_lair_dragon, nicolae_ossuary_entry_monument,
          basic_altar
D:9:      layout_basic, orc_0_dummy
D:10:     layout_basic, serial_shops, shop, hangedman_stone_soup,
          kennysheep_cross_room
D:11:     layout_small_grid
D:12:     layout_cave_pods, serial_bayou_lagoon_a
D:13:     layout_layer_cave, enter_bailey_3, guppyfry_shop_blood, uniq_urug
D:14:     layout_cave_pools, david_vaults_4, serial_shops, shop,
          evilmike_ruin_ashenzari, minmay_mirror_moons_of_madness,
          uniq_josephine, uniq_roxanne
D:15:     gammafunk_enter_depths_forms, layout_basic, lemuel_crystal_altar,
          serial_shops, nicolae_shop_behind_doors
Temple:   eino_wide_crystal_templ
Lair:1:   layout_regular_city, ebering_ghost_rock_garden, kennysheep_rathole,
          grunt_megastairs_5, serial_bayou_shore_b, uniq_erica, uniq_nergalle
Lair:2:   layout_cave_pods, elwin_shoals_entry_rocks,
          chequers_serial_rivers_micro_e, uniq_fannar
Lair:3:   layout_chaotic_city, minmay_snake_entry_guardpost_medium, minivault_26
Lair:4:   layout_regular_city, beast_lair_carwin_9, uniq_snorg
Lair:5:   layout_long_grid, chequers_serial_rivers_micro_c,
          nicolae_quartered_pool_little, grunt_megastairs_4, uniq_rupert
Lair:6:   minmay_lair_end_frog_pond, layout_loops_ring,
          minmay_slime_entry_pillars, hellmonk_ghost_happy_afterlife,
          serial_bayou_crossing
Shoals:1: layout_shoals, st_shoals_ruin
Shoals:2: layout_shoals, nicolae_shoals_cliffside_cave
Shoals:3: layout_shoals, lemuel_centaur_altar
Shoals:4: shoals_end_simple, layout_shoals, shoal_ilsuiw, kb_tengu_band,
          uniq_polyphemus
Snake:1:  layout_misc_corridors, nicolae_snake_springs, serial_bayou_shore_b,
          serial_bayou_shore_a, uniq_aizul
Snake:2:  layout_misc_corridors, drop_trap, nicolae_snake_round_shape_thing
Snake:3:  layout_grid_shapes, grunt_megastairs_2, uniq_nikola, uniq_kirke
Snake:4:  snake_pit, layout_basic, drop_trap, grunt_megastairs_1
Slime:1:  layout_caves
Slime:2:  layout_caves
Slime:3:  layout_caves
Slime:4:  layout_caves
Slime:5
Orc:1:    layout_caves, kennysheep_orc_chapel, uniq_sonja
Orc:2:    st_orc_pillars, layout_caves, serial_shops, shop_fountains,
          ebering_ghost_xom, mines1_david
Elf:1:    elf_arrival_001, layout_onion_city, serial_shops,
          nicolae_shop_statue_plus, minmay_elf_demonology,
          hangedman_corner_corridor
Elf:2:    layout_geoelf_octagon, hangedman_elf_represent
Elf:3:    grunt_elf_hall_diamonds, layout_loops_ring, serial_shops, shop,
          st_stairs_12
Vaults:1: vaults_dpeg_encased_lava, vaults_standard_mumra_lines, v_misc_18,
          ontoclasm_vaults_gallery, v_misc_8, nicolae_vaults_little_squares_4,
          vaults_mumra_chevron_long, nicolae_vaults_arrows, grunt_vaults_swirl,
          v_misc_2, vaults_mumra_hex, grunt_vaults_diagonal,
          layout_vaults_omnibox, serial_shops, nicolae_shop_crystal
Vaults:2: nicolae_vaults_network_s, v_misc_8,
          nicolae_vaults_stairing_the_circle, nicolae_vaults_yaktaur_gun_rack,
          hangedman_vaults_snaps, vaults_room_stairs_pillars, vaults_room_fours,
          vaults_room_stairs_pillars, layout_vaults_quadrants, dummy_crypt_entry
Vaults:3: v_rooms_6, grunt_vaults_focal, hangedman_vaults_variations,
          nicolae_vaults_fighting_squares, vaults_dpeg_ring, v_rooms_4,
          v_misc_27, hangedman_vaults_corner_blocks,
          nicolae_vaults_little_squares_5, hangedman_vaults_hat, v_misc_10,
          ontoclasm_vaults_bender, hangedman_vaults_stretched_pinwheel,
          vaults_room_grid, nicolae_vaults_little_squares_2, layout_vaults_maze
Vaults:4: v_misc_5, hangedman_vaults_river_flow, ontoclasm_vaults_chip,
          vaults_mumra_minichess_inversion, v_misc_14, layout_vaults_big_room
Vaults:5: serial_shops
Depths:1: layout_cave_pools, enter_ziggurat_b, grunt_hell_horde,
          minmay_misc_feat_diagonals, minmay_hidden_floor, minmay_shoptagon
Depths:2: evilmike_lava_path, layout_small_grid, kennysheep_donut, abyss_entry,
          hell_entry, minmay_pinched_square
Depths:3: minmay_the_grid_square_5x5_3x3
          [minmay_the_grid_square_5x5_tetrominoes,
          minmay_the_grid_square_5x5_spiral, minmay_the_grid_square_5x5_seven,
          minmay_the_grid_square_5x5_fat_x,
          minmay_the_grid_square_5x5_megaprize_diamond,
          minmay_the_grid_square_5x5_percent, minmay_the_grid_square_5x5_plus,
          minmay_the_grid_square_5x5_fancy_junction,
          minmay_the_grid_square_5x5_three_small], layout_cave_pools,
          rand_demon_pan_entry_5, special_room [special_room_morgue],
          hell_entry, solitary_fountain, nicolae_benzene_ring, uniq_sojobo
Depths:4: hangedman_arrow_trap, layout_gridlike, pf_coc_iceberg,
          columned_hall_lemuel, abyss_entry, enter_trove_6,
          rand_demon_pan_entry_3, infiniplex_staircase_spiral_double,
          serial_bayou_shore_b
Depths:5: grunt_zot_entry_alcove, layout_cave_pools, pf_hell_entry_tar_spiral,
          chequers_serial_rivers_micro_d
Hell
Zot:1:    layout_gridlike, gammafunk_ghost_crypt
Zot:2:    layout_misc_corridors, drop_trap, bh_zot_ikea_curve
Zot:3:    circus_mu, layout_onion_interference, st_large_dragon_hoard_2
Zot:4:    cheibrodos_zot_enchanting_chambers, layout_misc_corridors
Zot:5:    layout_gridlike, hangedman_feature_mirror

Skill      XL: |  1  2  3  4  5  6  7  8  9 10 11 12 13 14 15 16 17 18 19 20 21 22 23 24 25 26 27 |
---------------+----------------------------------------------------------------------------------+-----
Bows           | 6 7 8 10 11 13 14 16 19 20 21 22 23 25 26 27 | 27.0
Fighting       | 3 4 5 6 8 12 13 14 15 16 17 18 20 21 22 23 25 27 | 27.0
Invocations    | 2 4 6 |  6.0
Stealth        | 1 |  1.0
Dodging        | 2 3 4 5 6 7 9 10 | 10.0
Armour         | 2 4 6 7 9 10 11 13 15 21 | 21.7
Polearms       | 5 8 9 10 12 13 14 | 14.0
Air Magic      | 6 11 13 16 18 | 18.0
Spellcasting   | 3 7 9 10 13 | 13.0
Summonings     | 4 6 8 |  8.0
Hexes          | 6 10 | 10.0
Translocations | 6 8 |  8.0

Action                   |  1- 3 |  4- 6 |  7- 9 | 10-12 | 13-15 | 16-18 | 19-21 | 22-24 | 25-27 || total
-------------------------+-------+-------+-------+-------+-------+-------+-------+-------+-------++-------
Melee: Short sword       |   116 |   135 |     4 |       |       |       |       |       |       ||   255
       Kick              |    19 |    29 |    61 |    85 |     8 |    66 |     4 |     1 |    10 ||   283
       Spear             |       |       |   203 |   353 |       |       |       |       |       ||   556
       Shortbow          |       |       |     1 |       |       |       |       |       |       ||     1
       Halberd           |       |       |       |       |    24 |   188 |       |       |       ||   212
       Longbow           |       |       |       |       |       |     1 |     3 |     1 |     5 ||    10
       Bardiche          |       |       |       |       |       |     3 |     3 |     2 |    10 ||    18
 Fire: Shortbow          |    23 |    98 |   470 |   276 |       |       |       |       |       ||   867
       Longbow           |       |       |       |   331 |   898 |  1254 |  1325 |  1675 |  3624 ||  9107
Throw: Dart              |       |    27 |     5 |     2 |     1 |       |       |       |       ||    35
       Javelin           |       |       |       |       |       |       |       |       |     8 ||     8
 Cast: Summon Lightning  |       |       |       |       |       |       |       |     2 |     9 ||    11
       Silence           |       |       |       |       |       |       |       |     2 |     9 ||    11
       Apportation       |       |       |       |       |       |       |       |       |   133 ||   133
Invok: Heroism           |       |       |     2 |     8 |    10 |    10 |    13 |    22 |    12 ||    77
       Finesse           |       |       |       |       |     1 |     2 |       |     2 |     2 ||     7
 Abil: Evoke Blink       |       |       |       |       |       |       |       |     3 |    39 ||    42
Evoke: Wand              |       |       |     1 |       |     1 |     4 |       |       |     2 ||     8
  Use: Scroll            |       |       |     7 |    15 |    11 |     9 |    22 |    12 |    37 ||   113
       Potion            |       |       |       |     3 |     4 |       |     4 |     2 |    21 ||    34
  Eat: Chunk             |     1 |     6 |       |    16 |    18 |    19 |    17 |    10 |     3 ||    90
       Ration            |       |       |     4 |     3 |     1 |     4 |     3 |     8 |    16 ||    39
Armor: Leather armour    |    57 |    13 |       |       |       |       |       |       |       ||    70
       Ring mail         |       |    77 |    63 |   204 |   123 |   333 |   252 |   426 |       ||  1478
       Chain mail        |       |       |    68 |       |       |       |       |       |       ||    68
       Robe              |       |       |       |       |       |       |       |   111 |    27 ||   138
       Plate armour      |       |       |       |       |       |       |       |       |   323 ||   323
       Gold dragon scale |       |       |       |       |       |       |       |       |   775 ||   775
Dodge: Dodged            |    71 |    91 |    52 |   186 |   115 |   191 |   178 |   345 |   430 ||  1659
Block: Other             |       |       |    27 |    55 |    14 |       |       |       |       ||    96
       Reflection        |       |       |     2 |     3 |       |       |       |       |       ||     5
       Shield            |       |       |       |     8 |       |       |       |       |       ||     8

Table legend:
 A = Non-vault XP
 B = Vault XP
 C = Vault XP percentage of total XP
 D = Non-vault monster count
 E = Vault monster count
 F = Vault count percentage of total count
                 A         B        C        D         E       F
            +---------+---------+-------+---------+---------+-------
      Total | 1094405 | 1024651 |  48.4 |    1857 |    1081 |  36.8
            +---------+---------+-------+---------+---------+-------
        D:1 |      33 |       7 |  17.5 |      20 |       3 |  13.0
        D:2 |      76 |      21 |  21.6 |      22 |       4 |  15.4
        D:3 |     271 |      15 |   5.2 |      32 |       2 |   5.9
        D:4 |     516 |      37 |   6.7 |      18 |       1 |   5.3
        D:5 |     742 |     223 |  23.1 |      25 |       1 |   3.8
        D:6 |     555 |       0 |   0.0 |      17 |       0 |   0.0
        D:7 |     651 |     716 |  52.4 |      12 |      15 |  55.6
        D:8 |    1536 |    1940 |  55.8 |      24 |       7 |  22.6
        D:9 |    1553 |       0 |   0.0 |      21 |       0 |   0.0
       D:10 |    1252 |     679 |  35.2 |      14 |       4 |  22.2
       D:11 |    6494 |       0 |   0.0 |      39 |       0 |   0.0
       D:12 |    5655 |       0 |   0.0 |      22 |       0 |   0.0
       D:13 |   10299 |    1025 |   9.1 |      30 |       7 |  18.9
       D:14 |    5599 |    8128 |  59.2 |      17 |      16 |  48.5
       D:15 |   20713 |    3162 |  13.2 |      45 |       7 |  13.5
     Lair:1 |    1791 |    3295 |  64.8 |       8 |      15 |  65.2
     Lair:2 |    1672 |       0 |   0.0 |       8 |       0 |   0.0
     Lair:3 |    1055 |    2183 |  67.4 |       8 |       4 |  33.3
     Lair:4 |    8565 |    3734 |  30.4 |      31 |       8 |  20.5
     Lair:5 |    9191 |    6095 |  39.9 |      34 |      13 |  27.7
     Lair:6 |   15394 |   12697 |  45.2 |      45 |      44 |  49.4
   Shoals:1 |   12220 |    6905 |  36.1 |      28 |       9 |  24.3
   Shoals:2 |   16120 |       0 |   0.0 |      33 |       0 |   0.0
   Shoals:3 |   17788 |     453 |   2.5 |      35 |       4 |  10.3
   Shoals:4 |    9289 |   36427 |  79.7 |      21 |      48 |  69.6
    Snake:1 |   17762 |    5573 |  23.9 |      32 |      14 |  30.4
    Snake:2 |   20342 |       0 |   0.0 |      40 |       0 |   0.0
    Snake:3 |   18321 |    9363 |  33.8 |      32 |      10 |  23.8
    Snake:4 |   15905 |   33286 |  67.7 |      33 |      45 |  57.7
    Slime:1 |    5741 |       0 |   0.0 |      14 |       0 |   0.0
    Slime:2 |    4416 |       0 |   0.0 |      10 |       0 |   0.0
    Slime:3 |    3201 |       0 |   0.0 |       3 |       0 |   0.0
    Slime:4 |    2860 |       0 |   0.0 |       4 |       0 |   0.0
    Slime:5 |   16684 |   29550 |  63.9 |      27 |      13 |  32.5
      Orc:1 |    1707 |    2105 |  55.2 |      33 |       9 |  21.4
      Orc:2 |    3799 |   16108 |  80.9 |      22 |      61 |  73.5
      Elf:1 |   25028 |   13570 |  35.2 |      36 |      20 |  35.7
      Elf:2 |   20308 |   32769 |  61.7 |      30 |      39 |  56.5
      Elf:3 |   19209 |   37531 |  66.1 |      24 |      27 |  52.9
   Vaults:1 |   28590 |   33729 |  54.1 |      68 |      60 |  46.9
   Vaults:2 |   48373 |   10880 |  18.4 |      58 |      25 |  30.1
   Vaults:3 |   35711 |   28080 |  44.0 |      53 |      61 |  53.5
   Vaults:4 |   29652 |   23457 |  44.2 |      59 |      28 |  32.2
   Vaults:5 |   20611 |  125243 |  85.9 |      29 |      85 |  74.6
   Depths:1 |   22178 |    9851 |  30.8 |      42 |      14 |  25.0
   Depths:2 |   39079 |   56691 |  59.2 |      41 |      36 |  46.8
   Depths:3 |   26732 |   61035 |  69.5 |      30 |      42 |  58.3
   Depths:4 |   30655 |   13638 |  30.8 |      45 |      11 |  19.6
   Depths:5 |   45047 |   35828 |  44.3 |      37 |      26 |  41.3
       Hell |   19990 |   26404 |  56.9 |      35 |      46 |  56.8
      Zot:1 |   76420 |   42155 |  35.6 |      46 |       5 |   9.8
      Zot:2 |   71518 |       0 |   0.0 |      38 |       0 |   0.0
      Zot:3 |   18942 |   61627 |  76.5 |      10 |      23 |  69.7
      Zot:4 |   46533 |   53985 |  53.7 |      27 |      30 |  52.6
      Zot:5 |   41826 |  155225 |  78.8 |      22 |      41 |  65.1
    Abyss:1 |   46926 |       0 |   0.0 |      73 |       0 |   0.0
    Abyss:2 |   22163 |       0 |   0.0 |      43 |       0 |   0.0
    Abyss:3 |   54569 |   11619 |  17.6 |     108 |      14 |  11.5
      Zig:1 |    2528 |       0 |   0.0 |       1 |       0 |   0.0
      Zig:2 |    1717 |       0 |   0.0 |       3 |       0 |   0.0
      Zig:3 |    5620 |    2777 |  33.1 |       3 |       4 |  57.1
      Zig:4 |    5050 |       0 |   0.0 |       6 |       0 |   0.0
      Zig:5 |    7573 |    2005 |  20.9 |       6 |       4 |  40.0
      Zig:6 |    5811 |       0 |   0.0 |      10 |       0 |   0.0
      Zig:7 |    9572 |       0 |   0.0 |      12 |       0 |   0.0
      Zig:8 |    6706 |       0 |   0.0 |       3 |       0 |   0.0
    Ossuary |       0 |     529 | 100.0 |       0 |      37 | 100.0
     Bailey |       0 |    2296 | 100.0 |       0 |      39 | 100.0
            +---------+---------+-------+---------+---------+-------
